 Dungeon Crawl Stone Soup version 0.28-a0-793-g31680bbd8b (webtiles) character file.

Game seed: 11376099580568144959

30594 demibob the Brawler (level 13, -3/100 HPs)
             Began as a Ghoul Monk on Nov 4, 2021.
             Was a High Priest of Okawaru.
             Shot with an arrow by Nessos (4 damage)
             ... on level 5 of the Lair of Beasts.
             The game lasted 00:40:50 (18044 turns).

demibob the Brawler (Ghoul Monk)                   Turns: 18044, Time: 00:40:51

Health: -3/100     AC: 20    Str: 19    XL:     13   Next: 52%
Magic:  13/13      EV: 13    Int:  5    God:    Okawaru [*****.]
Gold:   519        SH:  0    Dex: 14    Spells: 12/12 levels left

rFire   . . .      SeeInvis .   b - +5 hunting sling "Zainty" {flame, Fly rElec Str+2}
rCold   + . .      Faith    +   (no shield)
rNeg    + + +      Spirit   .   g - +2 chain mail {rPois}
rPois   ∞          Reflect  .   v - +0 helmet
rElec   +          Harm     .   i - +0 cloak
rCorr   .          Rampage  .   (no gloves)
Will    .....                   d - +2 pair of boots {Fly}
Stlth   ..........              a - amulet of faith {!P}
HPRegen 0.00/turn               E - +4 ring of evasion
MPRegen 0.13/turn               Y - +4 ring of slaying

@: flying, inhibited regen, studying Long Blades
A: claws 1, cold resistance 1, negative energy resistance 3, inhibited
regeneration, torment resistance 2
a: Renounce Religion, Heroism, Finesse, Duel


You were on level 5 of the Lair of Beasts.
You worshipped Okawaru.
Okawaru was extremely pleased with you.
You visited 3 branches of the dungeon, and saw 16 of its levels.

You collected 1196 gold pieces.
You spent 677 gold pieces at shops.


Innate Abilities, Weirdness & Mutations

You thrive by killing the living.
You are immune to poison.
You have sharp fingernails.
Your flesh is cold resistant. (rC+)
You are immune to negative energy. (rN+++)
You do not regenerate when monsters are visible.
You are immune to unholy pain and torment.


   Skills:
 - Level 5.1 Fighting
 - Level 11.8 Slings
 + Level 10.6 Armour
 - Level 2.6 Dodging
 - Level 2.1 Stealth
 + Level 18.3 Unarmed Combat
 - Level 2.5 Invocations


You had 12 spell levels left.
You didn't know any spells.
Your spell library contained the following spells:

 Spells                   Type           Power      Damage    Failure   Level
 Passwall                 Tmut/Erth      0%         N/A       99%         2
 Searing Ray              Conj           0%         2d4       99%         2
 Ozocubu's Armour         Ice            0%         N/A       100%        3
 Swiftness                Air            0%         N/A       100%        3
 Flame Wave               Conj/Fire      0%         3d3       100%        4
 Leda's Liquefaction      Hex/Erth       0%         N/A       100%        4
 Petrify                  Tmut/Erth      0%         N/A       100%        4
 Freezing Cloud           Conj/Ice/Air   0%         6-21      100%        5
 Lee's Rapid Deconstruct  Erth           0%         3d5*      100%        5
 Metabolic Englaciation   Hex/Ice        0%         N/A       100%        5
 Invisibility             Hex            0%         N/A       100%        6
 Polar Vortex             Ice            0%         N/A       100%        9
 Sublimation of Blood     Necr           Unusable   N/A       N/A         2
 Wereblood                Tmut           Unusable   N/A       N/A         2
 Simulacrum               Ice/Necr       Unusable   N/A       N/A         6
 Statue Form              Tmut/Erth      Unusable   N/A       N/A         6
 Spellforged Servitor     Conj/Summ      Unusable   N/A       N/A         7
 Summon Hydra             Summ           Unusable   N/A       N/A         7

Inventory:

Hand Weapons
 b - the +5 hunting sling "Zainty" (weapon) {flame, Fly rElec Str+2}
   (Okawaru gifted it to you on level 2 of the Lair of Beasts)

   Any ammunition fired from it burns those it strikes, dealing additional fire
   damage.
   Str:       It affects your strength (+2).
   rElec:     It insulates you from electricity.
   Fly:       It grants you flight.
 h - a +2 dagger of distortion
 A - the +10 hand crossbow "Impbane" {penet, +Blink rPois rF+ Will+}
   (Okawaru gifted it to you on level 2 of the Lair of Beasts)

   Any ammunition fired by it passes through the targets it hits, potentially
   hitting all targets in its path until it reaches maximum range.
   rF:        It protects you from fire.
   rPois:     It protects you from poison.
   +Blink:    It lets you blink.
   Will:      It increases your willpower.
Missiles
 q - 4 throwing nets {=f}
 r - 154 sling bullets (quivered ammo)
 y - 5 curare-tipped darts {=f}
Armour
 d - a +2 pair of boots of flying (worn)
 g - a +2 chain mail of poison resistance (worn)
 i - a +0 cloak (worn)
 v - a +0 helmet (worn)
Jewellery
 a - an amulet of faith (around neck) {!P}
 e - a +4 ring of evasion
 k - the ring "Piptaor" {rC+ Str+6}
   (You found it on level 4 of the Lair of Beasts)

   [ring of strength]

   Str:       It affects your strength (+6).
   rC:        It protects you from cold.
 E - a +4 ring of evasion (left claw)
 Y - a +4 ring of slaying (right claw)
Wands
 m - a wand of flame (12)
 x - a wand of acid (3)
 B - a wand of polymorph (19)
Scrolls
 c - 3 scrolls of enchant weapon
 l - 4 scrolls of identify {@r1}
 o - a scroll of enchant armour
 p - 2 scrolls of teleportation {@r2}
Potions
 j - a potion of curing {@q1}
 n - 2 potions of magic
 s - a potion of might {unknown}
 u - 2 potions of attraction {unknown}
 w - 2 potions of mutation {unknown}

Dungeon Overview and Level Annotations

Branches:
Dungeon (10/15)            Temple (1/1) D:6            Lair (5/6) D:10
 Shoals (0/4) Lair:3       Spider (0/4) Lair:2          Orc (0/2) D:10
  Slime: Lair:5-6

Altars:
Ashenzari
Cheibriados
Dithmenos
Elyvilon
Fedhas
Gozag
Hepliaklqana
Kikubaaqudgha
Makhleb
Nemelex Xobeh
Okawaru
Qazlal
Ru
Sif Muna
Trog
Uskayaw
Vehumet
Wu Jian
Xom
Yredelemnul
Zin
The Shining One

Shops:
D:1 (*[((   D:3 *   D:7 ?

Annotations:
D:4 2 transporters
D:6 2 runed translucent doors, BlueFish's ghost, novice DrDe
D:10 3 runed translucent doors, jasper's ghost, novice DsCA
Lair:5 Nessos

.S..... #.......
≈ .#......# ≈.
........# ≈.<
#....... ≈≈≈.
##(.....# ≈≈≈≈≈
...((...###.≈≈≈≈≈
.....(..†.....≈≈≈
......†@......≈.≈
c......)...#.≈.#.
.........### ###
.#.......#
.P........
.........#P
............
.#.......# .$
......... #.#


You could see Nessos (fast).


Message History

You mangle the water moccasin!!
The water moccasin is almost dead.
Nessos zaps a wand.
You easily resist.
The water moccasin bites you but does no damage.
Nessos shoots an arrow.
The arrow hits you but does no damage.
You eviscerate the water moccasin!!!
You kill the water moccasin!
Okawaru accepts your kill.
Nessos mumbles some strange words.
Nessos blinks!
You feel stronger.
You feel rather light.
The +5 hunting sling "Zainty" {flame, Fly rElec Str+2} bursts into flame!
b - the +5 hunting sling "Zainty" (weapon)
{flame, Fly rElec Str+2} You feel like a meek peon again.
Nessos shoots an arrow.
The arrow hits you!!
* * * LOW HITPOINT WARNING * * *
The arrow burns you.
* * * LOW HITPOINT WARNING * * *
Okay, then.
Nessos shoots an arrow.
The arrow hits you!
* * * LOW HITPOINT WARNING * * *
The arrow burns you.
* * * LOW HITPOINT WARNING * * *
Nessos shoots an arrow.
The arrow completely misses you.
There is a stone staircase leading up here.
Nessos shoots an arrow.
The arrow hits you!
* * * LOW HITPOINT WARNING * * *
The arrow burns you.
You die...

Skill      XL: |  1  2  3  4  5  6  7  8  9 10 11 12 13 |
---------------+----------------------------------------+-----
Unarmed Combat | 4 5 6 7 8 9 11 13 15 17 18 | 18.3
Armour         | 2 3 4 5 6 9 10 | 10.6
Slings         | 4 7 11 | 11.8
Invocations    | 2 |  2.5
Fighting       | 5 |  5.1
Dodging        | |  2.6
Stealth        | |  2.1

Action                   |  1- 3 |  4- 6 |  7- 9 | 10-12 | 13-15 || total
-------------------------+-------+-------+-------+-------+-------++-------
Melee: Unarmed           |   101 |   149 |   268 |   665 |   121 ||  1304
       Punch             |     4 |     4 |     7 |    43 |     5 ||    63
 Fire: Hunting sling     |       |       |    17 |    58 |    20 ||    95
Invok: Heroism           |       |       |     1 |    16 |     2 ||    19
Evoke: Wand              |       |       |     3 |     6 |     1 ||    10
  Use: Scroll            |       |     9 |     3 |     6 |     3 ||    21
       Potion            |       |       |    12 |     6 |     1 ||    19
 Stab: Sleeping          |     3 |       |       |       |       ||     3
       Invisible         |       |       |     2 |       |       ||     2
Armor: Robe              |    18 |     2 |       |       |       ||    20
       Chain mail        |       |   148 |   118 |   234 |    38 ||   538
Dodge: Dodged            |    56 |    72 |    97 |   302 |    43 ||   570

Levels and vault maps discovered:
D:1:      minmay_arrival_arboretum_large, layout_loops_ring,
          hellmonk_ecumenical_altar_arch_garden, serial_shops,
          nicolae_shop_crystal, shop, nicolae_lakefront_shop, shop, shop
D:2:      layout_loops_ring, minmay_misc_feat_chi, minmay_vboxes
D:3:      layout_loops_ring, serial_shops, shop, serial_bayou_lagoon_b
D:4:      gammafunk_steamed_eel, layout_rooms, kennysheep_generic_room_15,
          uniq_eustachio
D:5:      layout_rooms
D:6:      layout_loops_cross, minmay_temple_entry_statues_pillars,
          ebering_ghost_disaster_area, uniq_maggie
D:7:      layout_loops_ring, serial_shops, nicolae_square_shop
D:8:      layout_basic, st_stairs_4, uniq_harold
D:9:      layout_loops_cross, nicolae_ru_awakened_eye,
          grunt_temple_overflow_opulence
D:10:     layout_rooms, nicolae_overflow_quartered_altars,
          due_lair_maze_entry_diamond, zombieorc2_lemuel,
          gammafunk_ghost_hydra_chop, chequers_serial_rivers_marsh
Temple:   regret_index_temple_generic_petals
Lair:1:   layout_roguey, lemuel_fruit_fields, grunt_megastairs_3,
          serial_bayou_shore_b
Lair:2:   layout_long_grid, dummy_spider_entry, grunt_megastairs_4,
          serial_bayou_shore_b, uniq_urug
Lair:3:   layout_cave_shapes, minmay_shoals_entry_centaurs,
          gauntlet_entry_generic
Lair:4:   layout_cave_pods, grunt_megastairs_2
Lair:5:   gammafunk_boulding_lane, layout_regular_city,
          maelrawn_ghost_gauntlet_escape, lemuel_fruit_tree,
          infiniplex_staircase_pool_2, uniq_nessos

Notes
Turn   | Place    | Note
-------+----------+-------------------------------------------
     0 | D:1      | demibob the Ghoul Monk began the quest for the Orb.
     0 | D:1      | Reached XP level 1. HP: 19/19 MP: 0/0
    39 | D:1      | Reached XP level 2. HP: 13/26 MP: 1/1
   250 | D:1      | Reached skill level 4 in Unarmed Combat
   304 | D:1      | Found Moah God's Weapon Emporium.
   413 | D:1      | Found Zeonire's General Store.
   470 | D:1      | Found Didghaul's Armour Emporium.
   513 | D:1      | Found Bunewkif's Antique Weapon Shop.
   605 | D:1      | Found Taxkuocu's Weapon Emporium.
   675 | D:1      | Reached XP level 3. HP: 31/31 MP: 2/2
   778 | D:1      | Found a faded altar of an unknown god.
  1301 | D:2      | Reached skill level 5 in Unarmed Combat
  1470 | D:2      | Reached XP level 4. HP: 34/38 MP: 3/3
  2042 | D:2      | Identified a scroll of acquirement
  2042 | D:2      | Acquired 506 gold pieces
  2081 | D:1      | Bought a +1 pair of boots of flying for 214 gold pieces
  2081 | D:1      | Bought a +2 chain mail of poison resistance for 240 gold
                  | pieces
  2081 | D:1      | Bought a +0 cloak for 58 gold pieces
  2274 | D:3      | Reached skill level 6 in Unarmed Combat
  2274 | D:3      | Reached XP level 5. HP: 43/45 MP: 4/4
  2276 | D:3      | Reached skill level 1 in Armour
  2518 | D:3      | Found Igoi's Assorted Antiques.
  2524 | D:3      | Bought a scroll of identify for 60 gold pieces
  3073 | D:4      | Noticed Eustachio
  3084 | D:5      | Entered Level 5 of the Dungeon
  3116 | D:4      | Killed Eustachio
  3117 | D:4      | Reached skill level 2 in Armour
  3117 | D:4      | Reached XP level 6. HP: 34/51 MP: 5/5
  3268 | D:4      | Reached skill level 3 in Armour
  3268 | D:4      | Reached skill level 7 in Unarmed Combat
  3311 | D:4      | Reached XP level 7. HP: 57/57 MP: 6/6
  3323 | D:4      | Found a transporter.
  3363 | D:4      | Found a transporter.
  3748 | D:5      | Reached skill level 4 in Armour
  3757 | D:5      | Reached skill level 8 in Unarmed Combat
  3923 | D:5      | Reached XP level 8. HP: 50/63 MP: 7/7
  4168 | D:5      | Reached skill level 5 in Armour
  4333 | D:6      | Acquired a manual of Slings
  4767 | D:6      | Reached skill level 1 in Slings
  4838 | D:6      | Noticed Maggie
  5140 | D:6      | Reached skill level 2 in Slings
  5224 | D:6      | Killed Maggie
  5225 | D:6      | Reached skill level 3 in Slings
  5225 | D:6      | Reached skill level 9 in Unarmed Combat
  5492 | D:6      | Noticed a yak
  5493 | D:6      | Noticed a yak
  5508 | D:6      | Killed a yak
  5508 | D:6      | Noticed a yak
  5508 | D:6      | Noticed a yak
  5509 | D:6      | Reached skill level 4 in Slings
  5509 | D:6      | Reached XP level 9. HP: 68/70 MP: 8/8
  5521 | D:6      | Reached skill level 10 in Unarmed Combat
  5798 | D:6      | Reached skill level 5 in Slings
  5806 | D:6      | Reached skill level 11 in Unarmed Combat
  5813 | D:6      | Reached skill level 6 in Slings
  5836 | D:6      | Reached skill level 7 in Slings
  6239 | D:6      | Found a large runed translucent door.
  6239 | D:6      | Found a large runed translucent door.
  6242 | D:6      | Noticed BlueFish's ghost (novice DrDe)
  6496 | D:6      | Found a staircase to the Ecumenical Temple.
  6519 | Temple   | Entered the Ecumenical Temple
  6767 | Temple   | Became a worshipper of Warmaster Okawaru
  6767 | Temple   | Reached * piety under Okawaru
  6767 | Temple   | Reached ** piety under Okawaru
  6812 | D:6      | Reached XP level 10. HP: 67/77 MP: 6/9
  7102 | D:7      | Reached skill level 8 in Slings
  7235 | D:7      | Reached skill level 1 in Invocations
  7258 | D:7      | Reached skill level 12 in Unarmed Combat
  7359 | D:7      | Reached skill level 2 in Invocations
  7936 | D:7      | Found Yloetz's Magic Scroll Shoppe.
  8043 | D:7      | Reached skill level 9 in Slings
  8089 | D:7      | Bought a scroll of blinking for 105 gold pieces
  8219 | D:8      | Got the Incunabulum of the Harmful Mountains
  8336 | D:8      | Reached *** piety under Okawaru
  8818 | D:8      | Noticed Harold
  8832 | D:8      | Killed Harold
  8832 | D:8      | Reached **** piety under Okawaru
  8832 | D:8      | Received a gift from Okawaru
  8833 | D:8      | Reached skill level 10 in Slings
  8833 | D:8      | Reached skill level 13 in Unarmed Combat
  9745 | D:9      | Found an opulent altar of Gozag.
  9745 | D:9      | Found a sparkling altar of Nemelex Xobeh.
  9965 | D:9      | Found a sacrificial altar of Ru.
 10040 | D:9      | Reached skill level 11 in Slings
 10040 | D:9      | Received a gift from Okawaru
 10041 | D:9      | Reached XP level 11. HP: 82/82 MP: 11/11
 10131 | D:9      | You are sucked into a shaft and drop 1 floor!
 10131 | D:10     | Entered Level 10 of the Dungeon
 10148 | D:10     | Found a runed translucent gate.
 10149 | D:10     | Found a runed translucent gate.
 10149 | D:10     | Noticed jasper's ghost (novice DsCA)
 10149 | D:10     | Noticed a ten-headed hydra
 10153 | D:10     | Found a runed translucent gate.
 10200 | D:10     | Reached ***** piety under Okawaru
 10255 | D:10     | Found a staircase to the Orcish Mines.
 10274 | D:10     | Reached skill level 14 in Unarmed Combat
 10534 | D:10     | Received a gift from Okawaru
 11297 | D:10     | Found a staircase to the Lair.
 11307 | D:10     | Noticed a two-headed ogre
 11317 | D:10     | Killed a two-headed ogre
 11318 | D:10     | Reached skill level 15 in Unarmed Combat
 11390 | D:10     | Found a stormy altar of Qazlal.
 11391 | D:10     | Found a burning altar of Makhleb.
 11401 | D:10     | Found a radiant altar of Vehumet.
 11660 | Lair:1   | Entered Level 1 of the Lair of Beasts
 11872 | Lair:1   | Reached skill level 4 in Fighting
 12478 | Lair:1   | Reached skill level 5 in Fighting
 12489 | Lair:1   | Reached skill level 6 in Armour
 12880 | Lair:2   | Noticed Urug
 12907 | Lair:2   | Noticed a four-headed hydra
 12917 | Lair:2   | Killed a four-headed hydra
 12918 | Lair:2   | Reached XP level 12. HP: 94/94 MP: 9/12
 12941 | Lair:2   | Killed Urug
 12950 | Lair:2   | HP: 7/94 [komodo dragon (23)]
 12956 | Lair:2   | Identified the +10 hand crossbow "Impbane" {penet, +Blink
                  | rPois rF+ Will+} (Okawaru gifted it to you on level 2 of
                  | the Lair of Beasts)
 12956 | Lair:2   | Received a gift from Okawaru
 12957 | Lair:2   | Reached skill level 7 in Armour
 12957 | Lair:2   | Reached skill level 16 in Unarmed Combat
 13426 | Lair:2   | Noticed a four-headed hydra
 13437 | Lair:2   | Killed a four-headed hydra
 14357 | Lair:2   | Reached skill level 8 in Armour
 14473 | Lair:2   | Noticed a six-headed hydra
 14484 | Lair:2   | Killed a six-headed hydra
 14484 | Lair:2   | Identified the +5 hunting sling "Zainty" {flame, Fly rElec
                  | Str+2} (Okawaru gifted it to you on level 2 of the Lair of
                  | Beasts)
 14484 | Lair:2   | Received a gift from Okawaru
 14620 | Lair:2   | Found a hole to the Spider Nest.
 15026 | Lair:3   | Noticed a catoblepas
 15040 | Lair:3   | Killed a catoblepas
 15046 | Lair:3   | Reached skill level 17 in Unarmed Combat
 15097 | Lair:3   | Noticed a death yak
 15098 | Lair:3   | Noticed a death yak
 15098 | Lair:3   | Noticed a death yak
 15103 | Lair:3   | Noticed a death yak
 15458 | Lair:3   | Found a gate leading to a gauntlet.
 15522 | Lair:3   | Found a staircase to the Shoals.
 15684 | Lair:3   | Reached skill level 9 in Armour
 15699 | Lair:3   | Identified the +1 robe of Hopscotch {rC+ Will+} (Okawaru
                  | gifted it to you on level 3 of the Lair of Beasts)
 15699 | Lair:3   | Received a gift from Okawaru
 15752 | Lair:3   | Killed a death yak
 15768 | Lair:3   | Killed a death yak
 15769 | Lair:3   | Reached XP level 13. HP: 56/100 MP: 11/13
 15783 | Lair:3   | HP: 6/100 [death yak (8)]
 16799 | Lair:4   | Reached skill level 10 in Armour
 16905 | Lair:4   | Identified the ring "Piptaor" {rC+ Str+6}
 17141 | Lair:4   | Reached skill level 18 in Unarmed Combat
 17405 | Lair:4   | Received a gift from Okawaru
 18016 | Lair:5   | Received a gift from Okawaru
 18023 | Lair:5   | Noticed Nessos
 18026 | Lair:5   | Received a gift from Okawaru
 18034 | Lair:5   | Paralysed by Nessos for 4 turns
 18044 | Lair:5   | HP: 1/100 [Nessos/arrow (12)]
 18044 | Lair:5   | Shot with an arrow by Nessos

Vanquished Creatures
  Harold (D:8)
  7 hydras
  4 death yaks (Lair:3)
  A catoblepas (Lair:3)
  A two-headed ogre (D:10)
  Urug (Lair:2)
  4 elephants
  A black mamba (Lair:2)
  A torpor snail (Lair:3)
  5 cane toads
  Maggie (D:6)
  2 rime drakes
  9 komodo dragons
  4 polar bears
  A troll (D:10)
  9 blink frogs
  3 dream sheep (Lair:3)
  A meliai zombie (D:10)
  A shadow (D:10)
  A wyvern (D:9)
  23 yaks
  Eustachio (D:4)
  4 basilisks
  2 steam dragons
  A two-headed ogre zombie (D:10)
  9 water moccasins
  3 orc warriors
  2 sky beasts
  5 ice beasts
  10 black bears
  An ogre (D:6)
  7 centaurs
  2 phantoms (D:10)
  4 kobold brigands
  11 bullfrogs
  2 scorpions
  A water moccasin skeleton (D:4)
  A troll zombie (D:10)
  8 killer bees (D:10)
  13 wights
  A howler monkey (D:10)
  A bullfrog zombie (D:7)
  2 centaur zombies
  A jelly (D:4)
  A bullfrog skeleton (D:6)
  A gnoll shaman (D:9)
  A centaur skeleton (D:6)
  4 orc priests
  5 hounds
  3 iguanas
  7 orc wizards
  4 killer bee zombies
  6 ogre zombies (D:10)
  A hound zombie (D:5)
  2 howler monkey zombies
  8 adders
  6 gnolls
  A white imp (D:7)
  3 ufetubi
  An adder skeleton (D:5)
  4 worms
  8 dart slugs
  21 orcs
  4 ball pythons
  7 endoplasms
  5 giant cockroaches
  8 hobgoblins
  2 jackals (D:2)
  5 bats
  6 frilled lizards
  2 goblins
  2 goblin skeletons (D:10)
  2 goblin zombies (D:10)
  A hobgoblin skeleton (D:10)
  6 hobgoblin zombies (D:10)
  A jackal skeleton (D:2)
  27 kobolds
  3 orc skeletons (D:10)
  11 orc zombies (D:10)
  7 rats
359 creatures vanquished.

Vanquished Creatures (others)
  An orc (D:8)
  51 fungi
  59 plants
111 creatures vanquished.

Grand Total: 470 creatures vanquished

Table legend: (Time is in decaauts)
 A = Elapsed time spent in this place.
 B = Non-inter-level travel time spent in this place.
 C = Inter-level travel time spent in this place.
 D = Time resting spent in this place.
 E = Time spent auto-exploring this place.
 F = Levels seen in this place.
 G = Mean time per level.
                   A        B        C        D        E       F      G
               +--------+--------+--------+--------+--------+-----+--------+
         Total |  17617 |  16695 |    922 |   2966 |  11145 |  16 | 1101.1 |
       Dungeon |  11127 |  10401 |    726 |   1295 |   7345 |  10 | 1112.7 |
        Temple |    284 |    239 |     45 |      0 |    232 |   1 |  284.0 |
          Lair |   6205 |   6054 |    151 |   1671 |   3568 |   5 | 1241.0 |
               +--------+--------+--------+--------+--------+-----+--------+

Top non-repeatable levels by time:
     D:6: 2045 daAuts
  Lair:1: 1911 daAuts
  Lair:2: 1506 daAuts
  Lair:4: 1477 daAuts
     D:8: 1409 daAuts
     D:1: 1358 daAuts
  Lair:3: 1283 daAuts
     D:7: 1033 daAuts
     D:9: 1013 daAuts
    D:10: 1012 daAuts
     D:2: 939 daAuts
     D:3: 833 daAuts
     D:5: 771 daAuts
     D:4: 710 daAuts
  Temple: 284 daAuts

Table legend:
 A = Non-vault XP
 B = Vault XP
 C = Vault XP percentage of total XP
 D = Non-vault monster count
 E = Vault monster count
 F = Vault count percentage of total count
                 A         B        C        D         E       F
            +---------+---------+-------+---------+---------+-------
      Total |   36203 |    7503 |  17.2 |     287 |      72 |  20.1
            +---------+---------+-------+---------+---------+-------
        D:1 |      59 |       0 |   0.0 |      27 |       0 |   0.0
        D:2 |      40 |      48 |  54.5 |      13 |       8 |  38.1
        D:3 |      96 |       0 |   0.0 |      19 |       0 |   0.0
        D:4 |     385 |     198 |  34.0 |      14 |       2 |  12.5
        D:5 |     577 |       0 |   0.0 |      15 |       0 |   0.0
        D:6 |    2947 |     409 |  12.2 |      23 |       1 |   4.2
        D:7 |    1521 |       0 |   0.0 |      25 |       0 |   0.0
        D:8 |    1229 |    1129 |  47.9 |      38 |       4 |   9.5
        D:9 |    1485 |       0 |   0.0 |      24 |       0 |   0.0
       D:10 |    2552 |    2167 |  45.9 |      18 |      47 |  72.3
     Lair:1 |    1963 |     982 |  33.3 |       8 |       3 |  27.3
     Lair:2 |    6384 |    2261 |  26.2 |      17 |       4 |  19.0
     Lair:3 |    7224 |     224 |   3.0 |      16 |       2 |  11.1
     Lair:4 |    7371 |      85 |   1.1 |      25 |       1 |   3.8
     Lair:5 |    2370 |       0 |   0.0 |       5 |       0 |   0.0
            +---------+---------+-------+---------+---------+-------
